 Dungeon Crawl Stone Soup version 0.31-a0-803-g95b03c3367 (webtiles) character file.

Game seed: 5893325781593765517

1368114 cforsyth the Conqueror (level 27, 97/205 HPs)
             Began as a Djinni Delver on Sept 20, 2023.
             Was an Elder of Hepliaklqana.
             Escaped with the Orb
             ... and 3 runes!
             The game lasted 04:08:00 (120994 turns).

cforsyth the Conqueror (Djinni Delver)            Turns: 120994, Time: 04:08:01

Health: 97/205     AC: 16    Str: 10    XL:     27
Gold:   7826       EV: 32    Int: 38    God:    Hepliaklqana [****..] SH: 23 Dex: 21

rFire   + + +        P - +3 Elemental Staff {ele, rElec rF+ rC+ AC+3}
rCold   + . .        i - +5 kite shield {reflect}
rNeg    . . .        b - +3 troll leather armour
rPois   ∞            s - +2 helmet {Int+3}
rElec   +            F - +1 cloak of Starlight {*Dazzle EV+4 Stlth--}
rCorr   .            Q - +1 pair of gloves of Hopscotch {rElec rC+ Will++}
SInv    .            (boots unavailable)
Will    ++++.        p - amulet of reflection
Stlth   +            N - +6 ring of intelligence
HPRegen 1.34/turn    W - +6 ring of intelligence
MPRegen 0.00/turn

%: reflection
@: flying
A: reduced essence, sickness immunity, fire resistance 2, cold vulnerability 1,
float, innate caster, HP casting, extra vitality 1, iridescent scales 1, agile
1, deformed body, sense surroundings 1, noise suppression
0: Orb of Zot
}: 3/15 runes: barnacled, silver, gossamer
a: Renounce Religion, Recall Ancestor, Ancestor Identity, Transference, Idealise


You escaped.
You worshipped Hepliaklqana.
Hepliaklqana was greatly pleased with you.
You visited 12 branches of the dungeon, and saw 52 of its levels.
You also visited: Trove, Sewer, Gauntlet, Volcano and Wizlab.

You collected 8800 gold pieces.
You spent 974 gold pieces at shops.

Inventory:

Hand Weapons
 k - the +8 lance "Wyrmbane" {slay drac, rPois rF+ rC+ AC+3}
   (You found it on level 1 of the Depths)

   AC+3:      It affects your AC (+3).
   rF+:       It protects you from fire.
   rC+:       It protects you from cold.
   rPois:     It protects you from poison
 t - the +5 falchion of Intimidation {freeze, +Blink rC+ Str+6}
   (You took it off a deep elf high priest on level 3 of the Elven Halls)

   Str+6:     It affects your strength (+6).
   rC+:       It protects you from cold.
   +Blink:    It lets you blink.
 P - the +3 Elemental Staff (weapon) {ele, rElec rF+ rC+ AC+3}
   (You acquired it in a wizard's laboratory)

   AC+3:      It affects your AC (+3).
   rF+:       It protects you from fire.
   rC+:       It protects you from cold.
   rElec:     It insulates you from electricity.
Armour
 b - a +3 troll leather armour (worn)
 i - a +5 kite shield of reflection (worn)
 s - a +2 helmet of intelligence (worn)
 u - the +2 scale mail of Fedhas's Esteem {Rampage rC+ Regen+ Stlth+}
   (You took it off a deep elf high priest on level 3 of the Elven Halls)

   rC+:       It protects you from cold.
   Regen+:    It increases your rate of health regeneration.
   Rampage:   It bestows one free step when moving towards enemies.
   Stlth+:    It makes you more stealthy.
 F - the +1 cloak of Starlight (worn) {*Dazzle EV+4 Stlth--}
   (You found it on level 3 of the Crypt)

   *Dazzle:   It may blind those who miss an attack against the wearer in melee
   combat.
   EV+4:      It affects your evasion (+4).
   Stlth--:   It makes you much less stealthy.
 J - the +4 pair of gloves "Sixisil" {Rampage Fly Str+3 Slay-2}
   (You acquired it on level 1 of the Vaults)

   Str+3:     It affects your strength (+3).
   Slay-2:    It affects your accuracy & damage with ranged weapons and melee
   (-2).
   Fly:       It grants you flight.
   Rampage:   It bestows one free step when moving towards enemies.
 Q - the +1 pair of gloves of Hopscotch (worn) {rElec rC+ Will++}
   (You found it in a Gauntlet)

   rC+:       It protects you from cold.
   rElec:     It insulates you from electricity.
   Will++:    It greatly increases your willpower.
Magical Staves
 m - the staff "Biang" {rF+ rC+ Dex+3 Fire}
   (You found it on level 1 of the Spider Nest)

   [staff of fire]

   Base accuracy: +5 Base damage: 5 Base attack delay: 1.2 This weapon's minimum
   attack delay (0.6) is reached at skill level 12.
   Dex+3:     It affects your dexterity (+3).
   rF+:       It protects you from fire.
   rC+:       It protects you from cold.
   Fire:      It increases the power of your Fire spells.
   It falls into the 'Staves' category.
   It is a one-handed weapon.
Jewellery
 l - the ring "Guekk" {Fire Int+3 Stlth+}
   (You found it in a wizard's laboratory)

   [ring of fire]

   Fire:      It enhances your fire magic.
   Int+3:     It affects your intelligence (+3).
   rF+:       It protects you from fire.
   rC-:       It makes you vulnerable to cold.
   Stlth+:    It makes you more stealthy.
 p - an amulet of reflection (around neck)
 q - the ring "Estaebre" {Ice Will++ Int+3}
   (You found it in a wizard's laboratory)

   [ring of ice]

   Ice:       It enhances your ice magic.
   Int+3:     It affects your intelligence (+3).
   rF-:       It makes you vulnerable to fire.
   rC+:       It protects you from cold.
   Will++:    It greatly increases your willpower.
 D - a ring of resist corrosion
 N - a +6 ring of intelligence (left hand)
 U - the amulet of Sif Muna's Grace {Harm Regen+ Str+5 Dex-3}
   (You found it on level 3 of the Crypt)

   [amulet of regeneration]

   Str+5:     It affects your strength (+5).
   Dex-3:     It affects your dexterity (-3).
   Regen+:    It increases your rate of health regeneration.
   Harm:      It increases damage dealt and taken.
 W - a +6 ring of intelligence (right hand)
 Z - the ring "Suohytwu" {Ice rN++ Dex+2 SInv}
   (You found it in a wizard's laboratory)

   [ring of ice]

   Ice:       It enhances your ice magic.
   Dex+2:     It affects your dexterity (+2).
   rF-:       It makes you vulnerable to fire.
   rC+:       It protects you from cold.
   rN++:      It greatly protects you from negative energy.
   SInv:      It lets you see invisible.
Wands
 d - a wand of quicksilver (36)
 g - a wand of digging (29)
 I - a wand of iceblast (107)
 M - a wand of flame (76)
 T - a wand of mindburst (22)
 Y - a wand of charming (41)
Scrolls
 c - 6 scrolls of fear
 j - a scroll of summoning
 n - 6 scrolls of teleportation
 r - 13 scrolls of vulnerability
 w - 10 scrolls of immolation
 y - 2 scrolls of revelation
 A - 8 scrolls of poison
 B - 6 scrolls of fog
 H - a scroll of torment
 L - 7 scrolls of enchant weapon
 O - 2 scrolls of enchant armour
 R - a scroll of blinking
 V - 5 scrolls of silence
Potions
 a - 3 potions of berserk rage
 e - 12 potions of brilliance
 f - 3 potions of haste
 h - 8 potions of mutation
 o - 9 potions of enlightenment
 v - 5 potions of resistance
 x - 14 potions of curing
 z - 10 potions of might
 C - 5 potions of cancellation
 E - 6 potions of invisibility
 G - 5 potions of lignification
 K - 16 potions of attraction
 S - 4 potions of heal wounds
 X - 4 potions of ambrosia


   Skills:
 O Level 27 Fighting
 - Level 1.7 Long Blades
 + Level 24.7 Dodging
 - Level 4.1 Stealth
 - Level 10.0 Shields
 + Level 26.9 Spellcasting
 + Level 26.9 Conjurations
 + Level 26.9 Hexes
 + Level 26.9 Summonings
 + Level 26.9 Necromancy
 + Level 26.9 Translocations
 + Level 26.9 Transmutations
 + Level 26.9 Fire Magic
 + Level 26.9 Ice Magic
 + Level 26.9 Air Magic
 + Level 26.9 Earth Magic
 + Level 26.9 Poison Magic


You knew the following spells:

 Your Spells              Type           Power      Damage    Failure   Level
a - Sting                 Tmut/Pois      100%       1d8       0%          1
b - Passwall              Tmut/Erth      100%       N/A       0%          2
c - Stone Arrow           Conj/Erth      100%       3d13      0%          3
d - Leda's Liquefaction   Hex/Erth       77%        N/A       0%          4
e - Yara's Violent Unrav  Hex/Tmut       65%        3d24      0%          5
f - Monstrous Menagerie   Summ           65%        N/A       1%          7
g - Summon Cactus Giant   Summ           65%        N/A       0%          6
h - Eringya's Noxious Bo  Tmut/Pois      65%        4d6       0%          6
i - Disjunction           Tloc           65%        N/A       1%          8
j - Spellforged Servitor  Conj/Summ      65%        N/A       1%          7
k - Chain Lightning       Conj/Air       77%        3d103     2%          9
l - Fire Storm            Conj/Fire      77%        8d20      2%          9
p - Silence               Hex/Air        77%        N/A       0%          5
Your spell library was empty.

Dungeon Overview and Level Annotations

Branches:
Dungeon (15/15)            Temple (1/1) D:4            Lair (5/5) D:8
 Shoals (4/4) Lair:3       Spider (4/4) Lair:3        Slime (0/5) Lair:5
    Orc (2/2) D:10            Elf (3/3) Orc:2        Vaults (5/5) D:14
  Crypt (3/3) Vaults:3       Tomb (1/3) Crypt:3      Depths (4/4) D:15
    Zot (5/5) Depths:4      Sewer (visited)         Volcano (visited)
 WizLab (visited)         Gauntlet (visited)

Altars:
Ashenzari
Cheibriados
Dithmenos
Elyvilon
Fedhas
Gozag
Hepliaklqana
Makhleb
Nemelex Xobeh
Okawaru
Qazlal
Ru
Trog
Uskayaw
Wu Jian
Xom
Yredelemnul
Zin
The Shining One
Jiyva

Shops:
D:10 [   Orc:1 *   Orc:2 ?*[*(   Elf:2 (   Shoals:1 =   Vaults:3 !   Vaults:4 (
Depths:1 [?

Portals:
Hell: Depths:1 Depths:2 Depths:3 Depths:4
Abyss: Depths:3
Pandemonium: Depths:1 Depths:2
Ziggurat: Depths:3


Innate Abilities, Weirdness & Mutations

Your life essence is reduced to manifest your ancestor. (-10% HP)
You are immune to sickness and miasma.
You are immune to poison.
Your flesh is very heat resistant. (rF++)
You are vulnerable to cold. (rC-)
You float through the air rather than walking.
You learn spells naturally, not from books.
Your magical power is your life essence.
You have superior vitality. (+4 MHP)
You are partially covered in iridescent scales. (AC +2)
You are agile. (Dex +4, Str/Int -1)
Armour fits poorly on your strangely shaped body.
You passively map a small area around you.
You passively dampen the noise of your surroundings.


Message History

A sixfirhy comes into view.
Aiming: Dig
Press: ? - help, Shift-Dir - straight line A rock wall.
This square is covered in magical glow.
The rock shatters into small pieces.
Ntombi blocks the sixfirhy's attack.
The sixfirhy hits Ntombi but does no damage.
Ntombi barely misses the sixfirhy.
Ntombi completely misses the sixfirhy. 2 golden eyes come into view.
A golden eye comes into view.
The golden eye turns its gaze towards you. x3
The golden eye blinks at you. You resist with almost no effort.
The golden eye blinks at you. You resist with almost no effort.
The golden eye blinks at you. You resist with almost no effort.
The golden eye blinks at you. You resist with almost no effort.
The golden eye blinks at something.
You resist with almost no effort. The golden eye blinks at you.
You resist with almost no effort. The golden eye blinks at you.
You resist with almost no effort. The golden eye blinks at you.
You resist with almost no effort. The sixfirhy closely misses you.
The sixfirhy barely misses you.
Ntombi mumbles some strange words.
Ntombi seems to speed up.
The golden eye blinks at you. You resist with almost no effort.
You block the sixfirhy's attack.
The golden eye blinks!
The golden eye blinks at you. You resist with almost no effort.
There is a staircase leading out of the dungeon here.
The golden eye blinks at you. You resist with almost no effort.
You have escaped!

##.....# #.#.....+#######
#......###########.#..#+.........
#..#.............................
#..##########......#..#.##.###.##
#..# #......####.##.# #.## #..#
#....:......##.# #.## ..##
#.....########.# #.## .##
#########.##### #.# #.## ##
#.P....@G.~≈..# #.# #.## #
##P~~.P.3GPP~~.# #.# #.##
##≈#~.~..PG.R~..# #.# #.##
#~.#..~.~..~P§..###.# #...
#≈~~.~.P~P..P~~..##.######
##~~~.~..~.~~..##...R3....
#≈~~P..~PP.P....#.#.######
#~~PP~P..P≈P...~#.#....# #
##~~......~~≈P.##.####.# #


You could see the friendly Ntombi the knight (fast, reflecting), a sixfirhy
(ally target) and 3 golden eyes.

Vanquished Creatures
  4 ancient liches
  3 dread liches
  9 orbs of fire
  A pandemonium lord (D:6)
  2 Killer Klowns (Zot:5)
  Boris (twice) (Tomb:1 D:9)
  Parghit (Zot:2)
  Norris (Depths:3)
  4 curse toes
  Nikola (Shoals:4)
  8 golden dragons
  2 electric golems (Zot:5)
  A Tzitzimitl (D:1)
  Mlioglotl (Shoals:2)
  A Hell Sentinel (D:6)
  11 tentacled monstrosities
  26 Orb Guardians
  A deep elf blademaster (Elf:3)
  The ghost of arvidsem the Warrior, an adept MiFi of Okawaru (Shoals:1)
  A lich (Vaults:5)
  4 titans
  A deep elf master archer (Elf:3)
  13 quicksilver dragons
  An acid blob (Depths:1)
  8 sphinxes
  8 death cobs
  4 ancient champions
  Gastronok (Orc:1)
  7 tengu reavers
  Donald (Shoals:1)
  3 shadow dragons
  3 draconian knights
  2 rockslimes (Depths:1)
  2 revenants
  An azure jelly (Depths:1)
  14 storm dragons
  A demonspawn warmonger (Zot:2)
  4 fire giants
  6 draconian monks
  6 frost giants
  2 deep elf sorcerers
  Louise (D:15)
  3 draconian scorchers
  15 vault wardens
  A deep elf elementalist (Elf:3)
  A curse skull (Crypt:2)
  7 draconian annihilators
  An orc warlord (Vaults:2)
  4 draconian stormcallers
  A spectral juggernaut (Depths:3)
  11 ironbound preservers
  6 draconian shifters
  2 ghouls
  2 war gargoyles (Vaults:5)
  6 very ugly things
  6 ironbound thunderhulks
  3 reapers
  2 broodmothers
  17 stone giants
  A formless jellyfish (Vaults:3)
  7 green draconians
  8 black draconians
  3 vampire knights (Crypt:3)
  9 deep elf demonologists
  8 white draconians
  14 purple draconians
  16 yellow draconians
  A bennu (Tomb:1)
  A minotaur (Gauntlet)
  7 deep elf annihilators
  8 red draconians
  2 eidola (Crypt:3)
  4 deep elf death magi
  9 ettins
  5 jiangshi
  2 crystal guardians (WizLab)
  A merfolk javelineer (Shoals:4)
  2 green deaths
  4 deep elf high priests
  6 fire dragons
  An entropy weaver (Spider:2)
  Josephine (Lair:4)
  A merfolk impaler (Shoals:3)
  11 yaktaur captains
  A spriggan zombie (Crypt:1)
  2 rakshasas (Depths:2)
  5 great orbs of eyes
  7 hydras
  7 ice dragons
  30 vault guards
  Erolcha (Orc:2)
  3 ironbound frosthearts (Vaults:1)
  A peacekeeper (WizLab)
  A spriggan skeleton (Crypt:1)
  A spriggan air mage (Depths:4)
  2 radroaches
  8 centaur warriors
  2 merfolk avatars
  2 catoblepae
  3 merfolk aquamancers (Shoals:4)
  5 boulder beetles
  A jorogumo (Spider:2)
  An ogre mage (Vaults:5)
  2 hell hogs (Depths:1)
  2 demonic crawlers
  3 tengu warriors
  3 vampire magi
  3 deep troll earth magi
  2 two-headed ogres
  5 death yaks
  A death yak (shapeshifter) (Vaults:5)
  A death scarab (Spider:4)
  5 deep troll shamans
  20 dancing weapons
  8 orc high priests (Orc:2)
  2 satyrs
  A spriggan berserker (Depths:3)
  Urug (D:10)
  2 soul eaters (Depths:1)
  2 sun demons (Depths:1)
  4 skysharks
  3 hell knights
  7 deep elf knights
  A storm dragon zombie (Crypt:3)
  3 iron trolls
  4 pharaoh ants
  10 skeletal warriors
  6 glowing orange brains
  2 nameless horrors
  4 flayed ghosts
  6 sea snakes
  A spriggan druid (Elf:1)
  29 deep trolls
  An obsidian statue (Gauntlet)
  4 orb spiders
  A bunyip zombie (Crypt:1)
  A sea snake (shapeshifter) (Vaults:4)
  A steelbarb worm (Spider:3)
  An orb spider (shapeshifter) (Vaults:5)
  A fenstrider witch simulacrum (Crypt:2)
  6 harpies
  4 wizards
  A wolf spider zombie (Spider:4)
  12 ironbound convokers
  3 deep elf archers
  30 deep elf pyromancers
  7 phantasmal warriors
  4 lindwurms
  18 deep elf zephyrmancers
  5 necromancers
  A harpy (shapeshifter) (Elf:1)
  8 wolf spiders
  7 fauns
  25 ugly things
  7 cyclopes
  2 orc knights (D:15)
  A tengu skeleton (Vaults:4)
  7 manticores
  31 moths of wrath
  A fire giant zombie (Crypt:2)
  A human zombie (Vaults:3)
  2 salamanders (shapeshifter)
  6 elephants (Lair:2)
  A black mamba (shapeshifter) (Elf:2)
  A worldbinder (Gauntlet)
  4 merfolk sirens
  3 water nymphs
  12 vault sentinels
  3 smoke demons
  2 molten gargoyles
  Maggie (D:7)
  2 gargoyles (WizLab)
  2 hellions
  A cane toad (shapeshifter) (D:15)
  4 rime drakes
  6 komodo dragons
  An alligator snapping turtle skeleton (Crypt:3)
  A rime drake (shapeshifter) (Elf:2)
  A spectral redback (Spider:4)
  7 cane toads
  3 kobold demonologists
  An efreet (D:15)
  16 yaktaurs
  5 guardian mummies
  2 human skeletons (Vaults:4)
  2 freezing wraiths
  A merfolk (shapeshifter) (Vaults:5)
  A hornet (shapeshifter) (D:13)
  A wind drake (shapeshifter) (Elf:2)
  A redback zombie (Spider:4)
  A queen bee (D:12)
  2 trolls
  2 wind drakes
  A polar bear (Lair:5)
  6 blink frogs
  4 hornets (Lair:5)
  3 tarantellas
  9 merfolk
  A tarantella (shapeshifter) (Elf:3)
  A harpy skeleton (Crypt:3)
  A fire dragon zombie (Crypt:1)
  A great orb of eyes zombie (Crypt:3)
  15 dream sheep
  9 large abominations
  A human simulacrum (Vaults:3)
  2 spectral tarantellas (Spider:4)
  A jumping spider zombie (Spider:4)
  9 jumping spiders
  26 slime creatures
  Sigmund (D:6)
  4 flying skulls
  7 culicivoras
  2 shadows (D:10)
  6 spriggans (Lair:5)
  A centaur simulacrum (Crypt:3)
  11 wraiths
  4 wyverns
  2 water elementals
  24 yaks
  A hog (shapeshifter) (D:14)
  5 humans (D:14)
  A fire bat (Volcano)
  A steam dragon (Lair:1)
  9 fire elementals
  A golden eye (shapeshifter) (D:14)
  4 basilisks
  2 chaos spawn
  2 hogs
  19 redbacks
  5 vampire mosquitoes
  3 wargs (Orc:2)
  3 swamp worms (Lair:1)
  12 water moccasins
  A hell hound (Spider:1)
  A sky beast (D:8)
  3 black bears
  17 orc warriors
  3 boggarts
  A tengu (shapeshifter) (Vaults:5)
  5 ogres
  30 wolves
  8 centaurs
  8 kobold brigands
  4 gnoll sergeants
  9 bullfrogs
  An earth elemental (Elf:1)
  2 necrophages
  A scorpion (D:5)
  A raiju zombie (Crypt:2)
  13 killer bees
  A shapeshifter skeleton (Crypt:3)
  5 electric eels
  A howler monkey (D:5)
  5 lava snakes
  10 small abominations
  2 hounds (D:5)
  8 jellies
  34 orc priests
  A sleepcap (D:6)
  3 iguanas
  2 lightning spires (WizLab)
  20 orc wizards
  A mummy (Crypt:3)
  A howler monkey skeleton (Crypt:1)
  33 gnolls
  9 adders
  A river rat (Sewer)
  A white imp (D:4)
  2 ufetubi (D:5)
  7 worms
  2 dart slugs (D:4)
  97 orcs
  6 ball pythons
  6 bats
  A bat zombie (Crypt:1)
  14 endoplasms
  3 giant cockroaches
  4 goblins
  7 hobgoblins
  9 jackals
  3 quokkas
  An endoplasm zombie (Crypt:1)
  6 frilled lizards
  2 jackal zombies (D:3)
  17 kobolds
  An orc zombie (Crypt:1)
  5 rats
  2 tentacles (Shoals:4)
1570 creatures vanquished.

Vanquished Creatures (collateral kills)
  An ancient lich (Crypt:3)
  A dread lich (Crypt:3)
  An orb of fire (Zot:3)
  Boris (Depths:3)
  3 curse toes
  The ghost of Ziugimmo the Tortoise, a veteran AtMo of Elyvilon (Vaults:4)
  Saint Roka (Vaults:1)
  A golden dragon (Zot:5)
  Arachne (Spider:2)
  A bone dragon (Depths:4)
  2 electric golems
  7 tentacled monstrosities
  Jorgrun (D:15)
  Rupert (Orc:2)
  3 Orb Guardians (Zot:5)
  A deep elf blademaster (Elf:3)
  Asterion (Spider:4)
  3 liches
  A deep elf master archer (Elf:3)
  2 acid blobs (Depths:1)
  The ghost of Palms the Fencer, an adept MfVM of Nemelex Xobeh (Elf:3)
  Polyphemus (Shoals:2)
  5 ancient champions
  2 quicksilver dragons
  5 death cobs
  9 sphinxes
  Frances (D:14)
  4 shadow dragons
  4 krakens
  6 storm dragons
  Roxanne (Spider:2)
  Kirke (Lair:3)
  A tengu reaver (Vaults:3)
  3 rockslimes (Depths:1)
  Aizul (Vaults:1)
  A draconian monk (Zot:4)
  Ilsuiw (Shoals:2)
  The ghost of Phlounder the Tortoise, an adept DjEE of Makhleb (Spider:1)
  A draconian knight (Zot:4)
  6 fire giants
  A deep elf sorcerer (Elf:1)
  6 vault wardens
  4 frost giants
  3 draconian scorchers
  3 deep elf elementalists (Elf:3)
  5 emperor scorpions
  A draconian stormcaller (Depths:4)
  A draconian shifter (Depths:4)
  2 ghost moths
  3 quicksilver oozes (Depths:1)
  5 ghouls
  9 ironbound preservers
  2 formless jellyfish
  4 orc warlords
  A war gargoyle (WizLab)
  A juggernaut zombie (Crypt:1)
  2 very ugly things (Depths:1)
  A reaper (Crypt:2)
  3 black draconians
  3 ironbound thunderhulks
  8 stone giants
  A rockslime zombie (Crypt:1)
  3 vampire knights
  2 deep elf demonologists (Elf:3)
  4 green draconians
  6 red draconians
  3 deep elf annihilators (Elf:3)
  3 bennus (Tomb:1)
  5 yellow draconians
  8 purple draconians (Zot:4)
  7 white draconians
  Azrael (Spider:1)
  2 dire elephants
  4 ettins
  A green death (Depths:2)
  5 merfolk javelineers (Shoals:4)
  A blizzard demon (Zot:4)
  7 deep elf death magi
  2 eidola
  3 fire dragons
  4 yaktaur captains
  7 merfolk impalers
  A crystal guardian (WizLab)
  A great orb of eyes (Vaults:4)
  3 entropy weavers
  8 jiangshi
  A rakshasa (Depths:2)
  A fenstrider witch zombie (Crypt:2)
  4 mummy priests
  A salamander tyrant (WizLab)
  3 ice dragons
  2 jorogumos
  4 peacekeepers
  5 ironbound frosthearts
  3 radroaches
  3 spriggan air magi
  16 vault guards
  A spriggan zombie (Crypt:2)
  2 spriggan skeletons
  A merfolk avatar (Shoals:4)
  A fenstrider witch skeleton (Crypt:1)
  4 merfolk aquamancers (Shoals:4)
  2 alligator snapping turtles (Shoals:3)
  8 dancing weapons
  5 centaur warriors
  5 deep troll shamans
  2 boulder beetles
  4 tengu warriors
  5 vampire magi
  4 deep troll earth magi
  11 death scarabs
  2 orc high priests (Orc:2)
  6 death yaks
  A hell hog (Depths:1)
  3 demonic crawlers
  7 sun demons
  6 deep elf knights
  3 hell knights
  4 spriggan berserkers
  A storm dragon zombie (Vaults:3)
  3 soul eaters
  4 iron trolls
  The ghost of Wurlitzer the Spear-Bearer, a novice FoBe of Trog (D:9)
  4 skysharks
  5 sea snakes
  15 skeletal warriors
  2 pharaoh ants
  A sun moth (Shoals:3)
  3 shadow wraiths
  A glowing orange brain (Depths:4)
  34 deep trolls
  2 sixfirhies (Depths:2)
  3 orb spiders
  2 bog bodies
  5 steelbarb worms
  5 deep elf archers
  3 phantasmal warriors
  2 spriggan simulacra
  A wolf spider zombie (Spider:4)
  An anaconda skeleton (Tomb:1)
  3 wizards
  5 deep elf zephyrmancers
  3 necromancers
  3 lindwurms
  10 deep elf pyromancers
  4 ironbound convokers
  2 harpies (Vaults:2)
  7 shining eyes
  6 wolf spiders
  6 orc knights
  A human zombie (Vaults:4)
  A salamander (WizLab)
  A shadow dragon skeleton (Crypt:2)
  A cyclops (shapeshifter) (Elf:3)
  8 moths of wrath
  14 ugly things
  6 merfolk sirens
  9 vault sentinels
  4 cyclopes
  8 manticores
  4 fauns
  4 molten gargoyles
  A rust devil (D:8)
  A fire giant skeleton (Vaults:4)
  An eye of devastation (Depths:3)
  A black mamba (Lair:4)
  8 gargoyles (WizLab)
  3 water nymphs (Shoals:4)
  2 cane toads
  A dire elephant skeleton (Crypt:1)
  2 torpor snails
  A freezing wraith (Crypt:1)
  A spectral redback (Spider:4)
  An unseen horror (Depths:3)
  9 yaktaurs
  An unseen horror skeleton (Crypt:3)
  2 tengu conjurers
  2 komodo dragons
  A kobold demonologist (D:13)
  10 guardian mummies
  A yaktaur skeleton (Vaults:3)
  4 polar bears (Lair:5)
  5 wind drakes
  A spectral culicivora (Spider:4)
  2 hornets (Lair:5)
  23 merfolk
  A moth of wrath zombie (Crypt:2)
  A harpy zombie (Crypt:3)
  2 spectral jumping spiders (Spider:4)
  4 spectral tarantellas (Spider:4)
  Prince Ribbit (D:8)
  A harpy skeleton (Crypt:3)
  A tarantella zombie (Spider:4)
  18 tarantellas
  A blink frog (Lair:3)
  An ice dragon zombie (Crypt:1)
  2 jumping spider zombies (Spider:4)
  10 dream sheep
  13 snapping turtles
  27 slime creatures
  A flying skull (Tomb:1)
  9 culicivoras
  A centaur simulacrum (D:14)
  7 water elementals
  7 spriggans (Lair:5)
  8 jumping spiders
  A vampire (D:11)
  2 wyverns
  3 yaks (D:8)
  3 wraiths
  4 fire elementals
  32 redbacks
  2 humans
  An ushabti (Tomb:1)
  A vampire mosquito (D:12)
  A black mamba skeleton (Crypt:2)
  4 large abominations
  A neqoxec (Depths:2)
  3 wargs
  2 small abominations
  A swamp worm (Lair:1)
  A hell hound (Spider:1)
  3 water moccasins
  2 floating eyes (Depths:3)
  A glowing shapeshifter skeleton (Crypt:3)
  A swamp drake (shapeshifter) (Depths:4)
  3 orc warriors
  3 black bears
  A manticore zombie (Crypt:3)
  2 ogres
  A boggart (Lair:5)
  11 wolves
  3 centaurs
  2 kobold brigands
  2 bullfrogs
  A necrophage (Crypt:1)
  3 gnoll sergeants
  5 earth elementals
  A scorpion (D:6)
  A water moccasin zombie (Crypt:2)
  6 killer bees
  2 electric eels (Elf:3)
  2 howler monkeys (D:5)
  6 nameless horrors
  A hound (D:6)
  2 jellies
  2 gnoll boudas
  2 orc priests (Orc:2)
  A bullfrog skeleton (Crypt:2)
  A human skeleton (Crypt:1)
  Crazy Yiuf (D:3)
  A boggart zombie (Crypt:1)
  A black bear skeleton (Crypt:2)
  4 orc wizards
  6 mummies (Tomb:1)
  22 gnolls
  An adder (D:6)
  2 white imps (D:7)
  An ufetubus (D:7)
  2 dart slugs (D:1)
  22 orcs
  3 bats
  2 giant cockroaches
  5 jackals (D:5)
  A quokka (D:2)
  A ball python zombie (Crypt:2)
  3 kobolds
  A kobold skeleton (Crypt:2)
  A butterfly (Lair:3)
  8 tentacles
1008 creatures vanquished.

Vanquished Creatures (others)
  A lich (Depths:1)
  A fire giant (Depths:1)
  A draconian scorcher (Zot:4)
  4 yaktaur captains
  A peacekeeper (WizLab)
  A vault guard (Vaults:4)
  2 satyrs
  A deep elf knight (Elf:1)
  A deep elf pyromancer (Elf:1)
  A deep elf zephyrmancer (Elf:2)
  6 yaktaurs
  2 merfolk (Shoals:4)
  A tarantella (Spider:2)
  A dream sheep (Shoals:4)
  2 redbacks
  58 knights
  An orc (D:7)
  46 fire vortices
  14 tentacles
145 creatures vanquished.

Grand Total: 2723 creatures vanquished

Notes
Turn   | Place    | Note
-------+----------+-------------------------------------------
     0 | D:5      | cforsyth the Djinni Delver began the quest for the Orb.
     0 | D:5      | Reached XP level 1. HP: 20/20 MP: 0/0
    32 | D:5      | Reached XP level 2. HP: 19/25 MP: 0/0
    70 | D:5      | Reached skill level 1 in Spellcasting
    70 | D:5      | Reached skill level 1 in Conjurations
    70 | D:5      | Reached skill level 1 in Hexes
    70 | D:5      | Reached skill level 1 in Summonings
    70 | D:5      | Reached skill level 1 in Necromancy
    70 | D:5      | Reached skill level 1 in Translocations
    70 | D:5      | Reached skill level 1 in Transmutations
    70 | D:5      | Reached skill level 1 in Fire Magic
    70 | D:5      | Reached skill level 1 in Ice Magic
    70 | D:5      | Reached skill level 1 in Air Magic
    70 | D:5      | Reached skill level 1 in Earth Magic
    70 | D:5      | Reached skill level 1 in Poison Magic
   109 | D:5      | Reached XP level 3. HP: 28/30 MP: 0/0
   109 | D:5      | Learned a level 1 spell: Sting
   133 | D:4      | Reached XP level 4. HP: 29/37 MP: 0/0
   156 | D:4      | Reached skill level 4 in Fighting
   207 | D:4      | Found a glowing drain.
   218 | Sewer    | Entered a sewer
   727 | Sewer    | Reached XP level 5. HP: 12/41 MP: 0/0
   727 | Sewer    | Learned a level 2 spell: Passwall
   977 | Sewer    | HP: 1/41 [rat (2)]
  1337 | Sewer    | Found a viscous altar of Jiyva.
  1385 | Sewer    | Reached XP level 6. HP: 7/49 MP: 0/0
  1578 | D:4      | Reached skill level 5 in Fighting
  1987 | D:4      | Noticed a black bear
  2011 | D:4      | Killed a black bear
  2012 | D:4      | Reached XP level 7. HP: 42/55 MP: 0/0
  2012 | D:4      | Learned a level 3 spell: Stone Arrow
  2093 | D:4      | Found a staircase to the Ecumenical Temple.
  2098 | Temple   | Entered the Ecumenical Temple
  2125 | Temple   | Became a worshipper of Hepliaklqana the Forgotten
  2349 | D:3      | Noticed a human
  2350 | D:3      | Found a runed translucent door.
  2352 | D:3      | Found a basalt altar of Yredelemnul.
  2543 | D:3      | Found an ornate altar of the Wu Jian Council.
  2656 | D:3      | Found a runed translucent door.
  2657 | D:3      | Noticed Crazy Yiuf
  2713 | D:3      | Found a transporter.
  2734 | D:3      | Found a transporter.
  3056 | D:2      | Reached * piety under Hepliaklqana
  3617 | D:1      | Found a faded altar of an unknown god.
  3869 | D:1      | Reached skill level 1 in Shields
  4119 | D:1      | Reached ** piety under Hepliaklqana
  4120 | D:1      | Remembered your ancestor Ntombi as a knight
  4354 | D:3      | Killed Crazy Yiuf
  4355 | D:3      | Reached skill level 6 in Fighting
  5023 | D:5      | Reached XP level 8. HP: 54/54 MP: 0/0
  5806 | D:5      | Reached skill level 7 in Fighting
  6417 | D:6      | Noticed Sigmund
  6426 | D:6      | Killed Sigmund
  6427 | D:6      | Reached XP level 9. HP: 54/61 MP: 0/0
  6427 | D:6      | Learned a level 4 spell: Leda's Liquefaction
  7114 | D:6      | Reached skill level 5 in Shields
  7374 | D:6      | Reached skill level 8 in Fighting
  7374 | D:6      | Reached skill level 5 in Spellcasting
  7374 | D:6      | Reached skill level 5 in Conjurations
  7374 | D:6      | Reached skill level 5 in Hexes
  7374 | D:6      | Reached skill level 5 in Summonings
  7374 | D:6      | Reached skill level 5 in Necromancy
  7374 | D:6      | Reached skill level 5 in Translocations
  7374 | D:6      | Reached skill level 5 in Transmutations
  7374 | D:6      | Reached skill level 5 in Fire Magic
  7374 | D:6      | Reached skill level 5 in Ice Magic
  7374 | D:6      | Reached skill level 5 in Air Magic
  7374 | D:6      | Reached skill level 5 in Earth Magic
  7374 | D:6      | Reached skill level 5 in Poison Magic
  8063 | D:6      | Found a stormy altar of Qazlal.
  8156 | D:6      | Reached *** piety under Hepliaklqana
  8192 | D:6      | Found a blossoming altar of Fedhas.
  8483 | D:7      | Noticed Maggie
  9061 | D:7      | Killed Maggie
  9062 | D:7      | Reached skill level 9 in Fighting
  9062 | D:7      | Reached XP level 10. HP: 70/70 MP: 0/0
 11189 | D:8      | Reached skill level 10 in Fighting
 11302 | D:8      | Noticed Prince Ribbit
 11309 | D:8      | Killed Prince Ribbit
 11475 | D:8      | Found a shadowy altar of Dithmenos.
 11475 | D:8      | Found an iron altar of Okawaru.
 11569 | D:8      | Found a staircase to the Lair.
 11803 | D:8      | Reached **** piety under Hepliaklqana
 12523 | D:8      | Reached skill level 11 in Fighting
 12523 | D:8      | Reached XP level 11. HP: 58/78 MP: 0/0
 12523 | D:8      | Learned a level 5 spell: Yara's Violent Unravelling
 12886 | D:9      | Found an opulent altar of Gozag.
 13038 | D:9      | Found a burning altar of Makhleb.
 13292 | D:9      | Found a runed translucent door.
 13511 | D:9      | Found a shimmering altar of Xom.
 13511 | D:9      | Noticed Wurlitzer's ghost (novice FoBe)
 13512 | D:9      | Noticed a +1 mace of chaos
 13788 | D:9      | Found a sacrificial altar of Ru.
 13815 | D:9      | Found a white marble altar of Elyvilon.
 14005 | D:10     | Entered Level 10 of the Dungeon
 14040 | D:10     | Found Waulio's Armour Boutique.
 14040 | D:10     | Found a staircase to the Orcish Mines.
 14571 | D:10     | Reached skill level 12 in Fighting
 14686 | D:10     | Noticed a two-headed ogre
 14690 | D:10     | Killed a two-headed ogre
 14904 | D:10     | Reached ***** piety under Hepliaklqana
 14907 | D:10     | Noticed Urug
 15133 | D:10     | Killed Urug
 15225 | D:10     | Found a sparkling altar of Nemelex Xobeh.
 15453 | D:11     | Noticed a cyclops
 15457 | D:11     | Killed a cyclops
 16404 | D:12     | Found a gate leading to a gauntlet.
 16417 | Gauntlet | Entered a Gauntlet
 16417 | Gauntlet | Found a transporter.
 16419 | Gauntlet | Noticed a worldbinder
 16438 | Gauntlet | Found a transporter.
 16440 | Gauntlet | Found a transporter.
 16451 | Gauntlet | Found a transporter.
 16451 | Gauntlet | Noticed an oklob plant
 16454 | Gauntlet | Found a transporter.
 16468 | Gauntlet | Found a transporter.
 16486 | Gauntlet | Found a transporter.
 16496 | Gauntlet | Found a transporter.
 16498 | Gauntlet | Noticed an obsidian statue
 16503 | Gauntlet | Found a runed translucent door.
 16507 | Gauntlet | Found a transporter.
 16525 | Gauntlet | Found a transporter.
 16539 | Gauntlet | Found a transporter.
 16539 | Gauntlet | Found a transporter.
 16587 | Gauntlet | Found a transporter.
 16599 | Gauntlet | Noticed an orange crystal statue
 16601 | Gauntlet | Found a transporter.
 16716 | Gauntlet | Killed a worldbinder
 17012 | Gauntlet | Killed an obsidian statue
 17013 | Gauntlet | Reached XP level 12. HP: 65/86 MP: 0/0
 17132 | Gauntlet | Identified the +1 pair of gloves of Hopscotch {rElec rC+
                  | Will++}
 17171 | Gauntlet | Identified the +9 arbalest "Keongutz" {flame, rC++ Str+3
                  | Int+3 Dex-5}
 17171 | Gauntlet | Noticed a minotaur
 17197 | Gauntlet | Killed a minotaur
 17198 | Gauntlet | Reached skill level 13 in Fighting
 17334 | Gauntlet | Identified the +3 chain mail "Jeffab" {Fly Will+ Slay-2}
 18033 | D:12     | Reached skill level 10 in Spellcasting
 18033 | D:12     | Reached skill level 10 in Conjurations
 18033 | D:12     | Reached skill level 10 in Hexes
 18033 | D:12     | Reached skill level 10 in Summonings
 18033 | D:12     | Reached skill level 10 in Necromancy
 18033 | D:12     | Reached skill level 10 in Translocations
 18033 | D:12     | Reached skill level 10 in Transmutations
 18033 | D:12     | Reached skill level 10 in Fire Magic
 18033 | D:12     | Reached skill level 10 in Ice Magic
 18033 | D:12     | Reached skill level 10 in Air Magic
 18033 | D:12     | Reached skill level 10 in Earth Magic
 18033 | D:12     | Reached skill level 10 in Poison Magic
 18134 | D:12     | Noticed a boulder beetle
 18147 | D:12     | Killed a boulder beetle
 18338 | D:12     | Noticed a six-headed hydra
 18341 | D:12     | Reached skill level 14 in Fighting
 18492 | D:12     | Killed a six-headed hydra
 19143 | D:12     | Reached XP level 13. HP: 86/95 MP: 0/0
 19143 | D:12     | Learned a level 5 spell: Silence
 19533 | D:13     | Found a transporter.
 19536 | D:13     | Found a transporter.
 19650 | D:13     | Noticed a centaur warrior
 19654 | D:13     | Killed a centaur warrior
 19895 | D:13     | Reached skill level 15 in Fighting
 20020 | D:13     | Noticed a centaur warrior
 20025 | D:13     | Killed a centaur warrior
 20661 | Lair:1   | Entered Level 1 of the Lair of Beasts
 21114 | Lair:1   | Found a transporter.
 21480 | Lair:1   | Found a transporter.
 22917 | Lair:2   | Noticed a four-headed hydra
 22922 | Lair:2   | Killed a four-headed hydra
 23389 | Lair:2   | Noticed a seven-headed hydra
 23558 | Lair:2   | Killed a seven-headed hydra
 23559 | Lair:2   | Reached skill level 16 in Fighting
 24222 | Lair:3   | Identified the +2 pair of gloves of the Kappa {rElec rF+
                  | rCorr}
 24301 | Lair:3   | Reached ****** piety under Hepliaklqana
 24303 | Lair:3   | Reached XP level 14. HP: 101/104 MP: 0/0
 24518 | Lair:3   | Noticed Kirke
 25029 | Lair:3   | Found a staircase to the Shoals.
 25110 | Lair:3   | Found a hole to the Spider Nest.
 25698 | Lair:3   | Killed Kirke
 26302 | Lair:4   | You are sucked into a shaft and drop 1 floor!
 26302 | Lair:5   | Entered Level 5 of the Lair of Beasts
 26512 | Lair:5   | Found a dark tunnel.
 26520 | Volcano  | Entered a volcano
 26624 | Volcano  | Found a bloodstained altar of Trog.
 26975 | Lair:5   | Reached skill level 17 in Fighting
 27212 | Lair:5   | Found a staircase to the Slime Pits.
 27212 | Lair:5   | Found a viscous altar of Jiyva.
 27315 | Lair:4   | Noticed Josephine
 28150 | Lair:4   | Killed Josephine
 28744 | Lair:4   | Found an ornate altar of the Wu Jian Council.
 29050 | Lair:4   | Identified the ring "Iblonise" {*Slow rF++ rN+ Str+6 Dex+3}
 29326 | Lair:4   | Found a hide-covered altar of Uskayaw.
 29965 | Lair:5   | Reached XP level 15. HP: 83/111 MP: 0/0
 29965 | Lair:5   | Learned a level 6 spell: Summon Cactus Giant
 31093 | Lair:5   | Reached skill level 18 in Fighting
 32030 | Orc:1    | Entered Level 1 of the Orcish Mines
 32149 | Orc:1    | Found Jotamaegh's Assorted Antiques.
 32656 | Orc:2    | Entered Level 2 of the Orcish Mines
 33473 | Orc:2    | Killed Erolcha
 34322 | Orc:2    | Found Yca Gouh's Antique Weapon Boutique.
 34322 | Orc:2    | Found Voeppun's Assorted Antiques.
 34335 | Orc:2    | Bought a potion of haste for 360 gold pieces
 34504 | Orc:2    | Found Tuduy's Magic Scroll Shop.
 34529 | Orc:2    | Bought a scroll of identify for 28 gold pieces
 34529 | Orc:2    | Bought a scroll of identify for 28 gold pieces
 34529 | Orc:2    | Bought a scroll of identify for 28 gold pieces
 34529 | Orc:2    | Bought a scroll of identify for 28 gold pieces
 34565 | Orc:2    | Found a staircase to the Elven Halls.
 34725 | Orc:2    | Found Tagrofuj's Antique Armour Boutique.
 34725 | Orc:2    | Found Latz's Assorted Antiques.
 34740 | Orc:2    | Bought a glowing helmet for 277 gold pieces
 34866 | Orc:2    | Noticed Rupert
 34876 | Orc:2    | Killed Rupert
 35153 | Orc:1    | Noticed Gastronok
 35162 | Orc:1    | Killed Gastronok
 36282 | D:9      | Killed Wurlitzer's ghost
 36283 | D:9      | Reached XP level 16. HP: 117/120 MP: 0/0
 36434 | Lair:1   | Reached skill level 19 in Fighting
 39571 | D:14     | Found a gate to the Vaults.
 39968 | D:14     | Noticed Frances
 39969 | D:14     | Found a sacrificial altar of Ru.
 39979 | D:14     | Killed Frances
 40278 | D:15     | Entered Level 15 of the Dungeon
 40662 | D:15     | Noticed Louise
 40681 | D:15     | Killed Louise
 40682 | D:15     | Reached skill level 5 in Dodging
 41157 | D:15     | Noticed Jorgrun
 41175 | D:15     | Killed Jorgrun
 42202 | D:15     | Reached XP level 17. HP: 111/127 MP: 0/0
 42202 | D:15     | Learned a level 7 spell: Monstrous Menagerie
 42599 | D:15     | Found a staircase to the Depths.
 42849 | Spider:1 | Entered Level 1 of the Spider Nest
 43350 | Spider:1 | Noticed Azrael
 43727 | Spider:1 | Killed Azrael
 44385 | Spider:1 | Found a large runed translucent door.
 44386 | Spider:1 | Found a large runed translucent door.
 44389 | Spider:1 | Noticed Phlounder's ghost (adept DjEE)
 44397 | Spider:1 | Reached skill level 15 in Spellcasting
 44397 | Spider:1 | Reached skill level 15 in Conjurations
 44397 | Spider:1 | Reached skill level 15 in Hexes
 44397 | Spider:1 | Reached skill level 15 in Summonings
 44397 | Spider:1 | Reached skill level 15 in Necromancy
 44397 | Spider:1 | Reached skill level 15 in Translocations
 44397 | Spider:1 | Reached skill level 15 in Transmutations
 44397 | Spider:1 | Reached skill level 15 in Fire Magic
 44397 | Spider:1 | Reached skill level 15 in Ice Magic
 44397 | Spider:1 | Reached skill level 15 in Air Magic
 44397 | Spider:1 | Reached skill level 15 in Earth Magic
 44397 | Spider:1 | Reached skill level 15 in Poison Magic
 44616 | Spider:1 | Identified the +3 quarterstaff of Arrival {protect, rPois
                  | Will+ Str-2}
 44833 | Spider:1 | Killed Phlounder's ghost
 45006 | Spider:1 | Identified the staff "Biang" {rF+ rC+ Dex+3 Fire}
 45097 | Spider:2 | Noticed Arachne
 45109 | Spider:2 | Killed Arachne
 45110 | Spider:2 | Reached skill level 20 in Fighting
 45845 | Spider:2 | Noticed Roxanne
 47476 | Spider:2 | Killed Roxanne
 48379 | Spider:4 | Entered Level 4 of the Spider Nest
 48558 | Spider:4 | Reached XP level 18. HP: 110/135 MP: 0/0
 49140 | Spider:4 | Noticed Asterion
 49149 | Spider:4 | Killed Asterion
 51191 | Spider:4 | Reached skill level 10 in Shields
 51935 | Spider:4 | Reached skill level 10 in Dodging
 51983 | Spider:4 | Found the +3 pair of mountain boots {steadfast, rC+}
 51998 | Spider:4 | Got a gossamer rune of Zot
 52231 | Shoals:1 | Entered Level 1 of the Shoals
 52407 | Shoals:1 | Identified the +4 ring mail of Parlour Games {rC+ Will-
                  | Int+6}
 52555 | Shoals:1 | Noticed a kraken
 52569 | Shoals:1 | Killed a kraken
 52726 | Shoals:1 | Noticed Donald
 52738 | Shoals:1 | Killed Donald
 53477 | Shoals:1 | Found Rizawunt's Jewellery Shop.
 53531 | Shoals:1 | Found a runed translucent gate.
 53531 | Shoals:1 | Found a runed translucent gate.
 53531 | Shoals:1 | Found a runed translucent gate.
 53531 | Shoals:1 | Noticed arvidsem's ghost (adept MiFi)
 53863 | Shoals:1 | Killed arvidsem's ghost
 53864 | Shoals:1 | Reached skill level 21 in Fighting
 54406 | Shoals:2 | Noticed Ilsuiw
 54432 | Shoals:2 | Killed Ilsuiw
 54819 | Shoals:2 | Noticed Mlioglotl
 54826 | Shoals:2 | Killed Mlioglotl
 54827 | Shoals:2 | Reached XP level 19. HP: 104/142 MP: 0/0
 54827 | Shoals:2 | Learned a level 6 spell: Eringya's Noxious Bog
 54866 | Shoals:2 | Noticed Polyphemus
 55578 | Shoals:2 | Killed Polyphemus
 56802 | Shoals:3 | HP: 4/143 [barbs]
 58218 | Shoals:4 | Entered Level 4 of the Shoals
 61976 | Shoals:4 | Reached XP level 20. HP: 55/150 MP: 0/0
 62091 | Shoals:4 | Reached skill level 22 in Fighting
 62251 | Shoals:4 | HP: 6/150 [merfolk javelineer/silver javelin (15)]
 62251 | Shoals:4 | HP: 2/150 [merfolk javelineer/silver javelin (4)]
 63394 | Shoals:4 | Got a barnacled rune of Zot
 63626 | Shoals:4 | Noticed Nikola
 63634 | Shoals:4 | Killed Nikola
 64400 | Shoals:4 | Found the +10 Black Knight's barding {ponderous, rPois rN+}
 64833 | Vaults:1 | Entered Level 1 of the Vaults
 65642 | Vaults:1 | Identified a scroll of acquirement
 66803 | Vaults:1 | Noticed Saint Roka
 66826 | Vaults:1 | Killed Saint Roka
 67336 | Vaults:1 | Noticed Aizul
 67346 | Vaults:1 | Killed Aizul
 67559 | Vaults:2 | Identified the +10 war axe of the Riding Gods {drain, rPois
                  | rF- Int+2 Dex+5}
 68307 | Vaults:2 | Reached XP level 21. HP: 126/157 MP: 0/0
 68307 | Vaults:2 | Learned a level 8 spell: Disjunction
 68613 | Vaults:2 | Reached skill level 15 in Dodging
 70417 | Vaults:3 | Reached skill level 23 in Fighting
 70740 | Vaults:3 | Found Xitedo Ratra's Distillery.
 70749 | Vaults:3 | Bought a potion of heal wounds for 105 gold pieces
 70772 | Vaults:3 | Identified the +14 plate armour of Buoroone {-Tele rElec
                  | Str+3}
 71193 | Vaults:3 | You are sucked into a shaft and drop 1 floor!
 71193 | Vaults:4 | Found Tagofeam's Weapon Shoppe.
 72101 | Vaults:4 | Reached XP level 22. HP: 154/165 MP: 0/0
 72258 | Vaults:4 | Found a transporter.
 72261 | Vaults:4 | Found a bloodstained altar of Trog.
 72261 | Vaults:4 | Found the +7 lajatang of Order {silver, rMut}
 72261 | Vaults:4 | Noticed Ziugimmo's ghost (veteran AtMo)
 72269 | Vaults:4 | Found a transporter.
 72811 | Vaults:4 | Identified the +0 scale mail of Wyadduas {rC- Will++
                  | Regen+}
 73183 | Vaults:3 | Found a staircase to the Crypt.
 73343 | Vaults:3 | Identified the +5 war axe of Hell's Wrath {venom, *Rage
                  | rPois Str-5 Dex+7}
 73993 | Elf:1    | Entered Level 1 of the Elven Halls
 75280 | Elf:1    | Reached skill level 24 in Fighting
 77121 | Elf:2    | Found Ufyle's Firing Range.
 77202 | Elf:2    | Found a runed translucent gate.
 77203 | Elf:2    | Found a runed translucent gate.
 77203 | Elf:2    | Found a runed translucent gate.
 77933 | Elf:2    | Reached XP level 23. HP: 50/172 MP: 0/0
 77933 | Elf:2    | Learned a level 7 spell: Spellforged Servitor
 78391 | Elf:2    | Upgraded the game from 0.31-a0-799-g6bc09d010c to
                  | 0.31-a0-803-g95b03c3367
 78471 | Elf:3    | Entered Level 3 of the Elven Halls
 78790 | Elf:3    | Found a runed translucent door.
 78790 | Elf:3    | Noticed Palms's ghost (adept MfVM)
 79153 | Elf:3    | Identified the amulet of Necam {Acrobat rPois}
 79206 | Elf:3    | Identified the +4 long sword "Vaqi" {freeze, rPois rC++
                  | Will+ Int+3}
 79288 | Elf:3    | Identified the +5 falchion of Intimidation {freeze, +Blink
                  | rC+ Str+6}
 79288 | Elf:3    | Identified the +2 scale mail of Fedhas's Esteem {Rampage
                  | rC+ Regen+ Stlth+}
 79365 | Elf:3    | Identified the +5 long sword of Yrif {freeze, +Blink Dex+2}
 79394 | Elf:3    | Identified the +2 war axe of Res Judicata {elec, Will+ MP+9
                  | Int+3}
 79988 | Elf:3    | Identified the staff "Okunk" {Contam rElec rF++ Dex+2 Tmut
                  | Air}
 80348 | Elf:3    | Killed Palms's ghost
 80736 | Crypt:1  | Entered Level 1 of the Crypt
 82765 | Crypt:2  | Found a basalt altar of Yredelemnul.
 83057 | Crypt:2  | Reached XP level 24. HP: 78/180 MP: 0/0
 83543 | Crypt:3  | Entered Level 3 of the Crypt
 83544 | Crypt:3  | Noticed a curse toe
 83561 | Crypt:3  | Reached skill level 25 in Fighting
 83671 | Crypt:3  | Found a magical portal.
 83680 | WizLab   | Entered Maxwell's Workshop
 83681 | WizLab   | Acquired the +4 pair of gloves "Sixisil" {Rampage Fly Str+3
                  | Slay-2}
 83683 | WizLab   | Acquired the +3 Elemental Staff {ele, rElec rF+ rC+ AC+3}
 83683 | WizLab   | Found the +3 Elemental Staff {ele, rElec rF+ rC+ AC+3}
 83864 | WizLab   | Identified the ring "Suohytwu" {Ice rN++ Dex+2 SInv}
 84750 | WizLab   | Identified the ring "Guekk" {Fire Int+3 Stlth+}
 84772 | WizLab   | Identified the ring "Estaebre" {Ice Will++ Int+3}
 84796 | WizLab   | Identified the +1 leather armour "Oschuf" {-Cast +Inv Will+
                  | Str+2}
 85280 | Crypt:3  | Found the amulet of the Air {Inacc Air Fly rElec RMsl}
 85281 | Crypt:3  | Found the +1 cloak of Starlight {*Dazzle EV+4 Stlth--}
 85321 | Crypt:3  | HP: 7/181 [something (26)]
 86386 | Crypt:3  | Noticed a curse toe
 86683 | Crypt:3  | Found a staircase to the Tomb.
 86980 | Crypt:3  | Killed a curse toe
 87205 | Crypt:3  | Noticed a dread lich
 87480 | Crypt:3  | Killed a curse toe
 87991 | Crypt:3  | Noticed an ancient lich
 88256 | Crypt:3  | Killed a dread lich
 88582 | Crypt:3  | Killed an ancient lich
 88585 | Crypt:3  | Identified the amulet of Sif Muna's Grace {Harm Regen+
                  | Str+5 Dex-3}
 88585 | Crypt:3  | Identified the ring "Qischuet" {rN+ Str+4}
 88585 | Crypt:3  | Identified the ring "Ugecum" {rN+ MP+9 Int+2 Stlth+}
 88589 | Crypt:3  | Identified the ring "Gifocos" {*Corrode rElec MP+9 Str+6}
 88908 | Depths:1 | Entered Level 1 of the Depths
 88990 | Depths:1 | Found a one-way gate leading to the halls of Pandemonium.
 89179 | Depths:1 | Reached XP level 25. HP: 140/188 MP: 0/0
 89179 | Depths:1 | Learned a level 9 spell: Chain Lightning
 89285 | Depths:1 | Found Meuvu's Magic Scroll Shop.
 89389 | Depths:1 | Bought a scroll of blinking for 120 gold pieces
 89475 | Depths:1 | Found a hazy altar of Hepliaklqana.
 89596 | Depths:1 | Found a viscous altar of Jiyva.
 90141 | Depths:1 | Found a gateway to Hell.
 90145 | Depths:1 | Found the +8 lance "Wyrmbane" {slay drac, rPois rF+ rC+
                  | AC+3}
 90155 | Depths:1 | Identified the +1 cloak of Bitterness {Str+5}
 90196 | Depths:1 | Found a portal to a secret trove of treasure.
 90352 | Depths:1 | Found Hiajotz's Armour Boutique.
 90414 | Trove    | Entered a treasure trove
 90550 | Depths:1 | Gained mutation: You are dopey. (Int -2) [a shining eye]
 91250 | Tomb:1   | Entered Level 1 of the Tomb of the Ancients
 91483 | Tomb:1   | Noticed a royal mummy
 91483 | Tomb:1   | Noticed a royal mummy
 91983 | Tomb:1   | Noticed Boris
 92123 | Tomb:1   | Killed Boris
 92430 | Tomb:1   | Noticed a royal mummy
 92437 | Tomb:1   | Noticed a royal mummy
 92936 | Depths:1 | Found Meuvu's Magic Scroll Shop.
 92985 | Depths:1 | Found a hazy altar of Hepliaklqana.
 93015 | Depths:1 | Found Hiajotz's Armour Boutique.
 93092 | Depths:1 | Found a viscous altar of Jiyva.
 93141 | Depths:1 | Found a one-way gate leading to the halls of Pandemonium.
 93284 | Depths:1 | Found a gateway to Hell.
 95512 | Depths:1 | Reached XP level 26. HP: 179/217 MP: 0/0
 96340 | Depths:2 | Identified the ring of Midnight {rC+ Str+6}
 96872 | Depths:3 | Noticed Norris
 96890 | Depths:3 | Killed Norris
 96965 | Depths:3 | Identified the +3 chain mail "Abranu" {rElec rC- Str+6}
 96999 | Depths:3 | Noticed Boris
 97297 | Depths:3 | Killed Boris
 97510 | Depths:3 | Found a one-way gateway to a ziggurat.
 97523 | Depths:3 | Paralysed by a floating eye for 3 turns
 97597 | Depths:3 | Identified the +2 mace of Resourcefulness {speed, *Corrode
                  | rElec Str+4 Int+3}
 98264 | Depths:3 | Found a one-way gate to the infinite horrors of the Abyss.
 98396 | Depths:3 | Found a basalt altar of Yredelemnul.
 98692 | Depths:4 | Entered Level 4 of the Depths
100904 | Depths:4 | Found a runed translucent door.
100909 | Depths:4 | Found a runed translucent door.
101019 | Depths:4 | Found a runed translucent door.
101019 | Depths:4 | Found a runed translucent door.
101031 | Depths:4 | Found a gate to the Realm of Zot.
101077 | Depths:4 | Found a runed translucent door.
101084 | Depths:4 | Found a runed translucent door.
103258 | Vaults:4 | Reached XP level 27. HP: 163/200 MP: 0/0
103258 | Vaults:4 | Learned a level 9 spell: Fire Storm
103755 | Vaults:4 | Killed Ziugimmo's ghost
103896 | Vaults:5 | Entered Level 5 of the Vaults
103896 | Vaults:5 | Noticed a dread lich
103900 | Vaults:5 | Killed a dread lich
104011 | Vaults:5 | Noticed an ancient lich
104511 | Vaults:4 | Gained mutation: You occasionally shout uncontrollably at
                  | your foes. [mutagenic glow]
104676 | Vaults:5 | Noticed a dread lich
104679 | Vaults:4 | Killed a dread lich
104825 | Vaults:4 | Killed an ancient lich
105198 | Vaults:5 | Identified the amulet "Buemotafoi" {Spirit +Inv rPois
                  | Str-2}
105664 | Vaults:5 | Noticed an ancient lich
105666 | Vaults:5 | Killed an ancient lich
106046 | Vaults:5 | Identified the +3 hand axe of the Noxious God {speed,
                  | Str+2}
106296 | Vaults:5 | Identified the +0 flail of the Candelabrum {heavy, SInv}
106703 | Vaults:5 | Got a silver rune of Zot
106858 | Vaults:5 | Identified the ring of Piguaf {Wiz rC+}
107047 | Vaults:5 | Lost mutation: You occasionally shout uncontrollably at
                  | your foes. [potion of mutation]
107047 | Vaults:5 | Lost mutation: You are dopey. (Int -2) [potion of mutation]
107047 | Vaults:5 | Gained mutation: You are agile. (Dex +4, Str/Int -1)
                  | [potion of mutation]
107047 | Vaults:5 | Gained mutation: You sometimes lose your temper in combat.
                  | [potion of mutation]
107355 | Zot:1    | Entered Level 1 of the Realm of Zot
108725 | Zot:1    | Reached skill level 26 in Fighting
109664 | Zot:2    | Noticed Parghit
109709 | Zot:2    | Killed Parghit
110285 | Zot:2    | You are sucked into a shaft and drop 1 floor!
112854 | Zot:3    | Noticed an orb of fire
112860 | Zot:3    | Killed an orb of fire
113243 | Zot:4    | Noticed an orb of fire
113248 | Zot:4    | Killed an orb of fire
113487 | Zot:4    | Noticed an orb of fire
113488 | Zot:4    | Gained mutation: You occasionally lose the ability to drink
                  | potions when taking damage. [an orb of fire]
113492 | Zot:4    | Gained mutation: Armour fits poorly on your strangely
                  | shaped body. [an orb of fire]
113498 | Zot:4    | Killed an orb of fire
114723 | Zot:4    | Identified the staff of Dim Light {rPois rN+++ Int+2 Stlth+
                  | Fire Poison}
114731 | Zot:4    | Reached skill level 27 in Fighting
116067 | Zot:5    | Entered Level 5 of the Realm of Zot
116532 | Zot:5    | Lost mutation: Armour fits poorly on your strangely shaped
                  | body. [potion of mutation]
116532 | Zot:5    | Lost mutation: You sometimes lose your temper in combat.
                  | [potion of mutation]
116532 | Zot:5    | Gained mutation: You sometimes lose the ability to drink
                  | potions when taking damage. [potion of mutation]
116532 | Zot:5    | Gained mutation: You are partially covered in iridescent
                  | scales. (AC +2) [potion of mutation]
116533 | Zot:5    | Lost mutation: You sometimes lose the ability to drink
                  | potions when taking damage. [potion of mutation]
116533 | Zot:5    | Lost mutation: You occasionally lose the ability to drink
                  | potions when taking damage. [potion of mutation]
116533 | Zot:5    | Gained mutation: You passively map a small area around you.
                  | [potion of mutation]
116533 | Zot:5    | Gained mutation: Your muscles are strong. (Str +4, Int/Dex
                  | -1) [potion of mutation]
116533 | Zot:5    | Gained mutation: You passively dampen the noise of your
                  | surroundings. [potion of mutation]
116922 | Zot:5    | Noticed an orb of fire
116924 | Zot:5    | Noticed an orb of fire
116925 | Zot:5    | Noticed a Killer Klown
116944 | Zot:5    | Lost mutation: Your muscles are strong. (Str +4, Int/Dex
                  | -1) [an orb of fire]
117592 | Zot:5    | Noticed a dread lich
117598 | Zot:5    | Killed a dread lich
117805 | Zot:5    | Killed an orb of fire
118217 | Zot:5    | Killed a Killer Klown
118454 | Zot:5    | Noticed an orb of fire
118461 | Zot:5    | Killed an orb of fire
118470 | Zot:5    | Noticed an ancient lich
118473 | Zot:5    | Killed an ancient lich
118474 | Zot:5    | Noticed an orb of fire
118475 | Zot:5    | Gained mutation: Armour fits poorly on your strangely
                  | shaped body. [an orb of fire]
118478 | Zot:5    | Killed an orb of fire
118763 | Zot:5    | Noticed an ancient lich
118765 | Zot:5    | Killed an ancient lich
118811 | Zot:5    | Noticed an orb of fire
118821 | Zot:5    | Killed an orb of fire
119200 | Zot:5    | Killed an orb of fire
119204 | Zot:5    | Noticed an orb of fire
119209 | Zot:5    | Killed an orb of fire
119212 | Zot:5    | Noticed an orb of fire
119512 | Zot:5    | Noticed a Killer Klown
119514 | Zot:5    | Killed a Killer Klown
119542 | Zot:5    | Killed an orb of fire
120415 | Zot:5    | Got the Orb of Zot
120421 | Zot:5    | Noticed Omimadgh the pandemonium lord
120800 | D:9      | Noticed Boris
120802 | D:9      | Killed Boris
120859 | D:6      | Noticed Rassent the pandemonium lord
120860 | D:6      | Killed Rassent the pandemonium lord
120994 | D:$      | Escaped with the Orb!

Illustrated notes

Levels and vault maps discovered:
D:1:      lemuel_arrival_muddy, layout_basic, shapermc_ecumenical_altar_pompeii,
          nicolae_concentric_dashed_squares_wild, minivault_24,
          serial_bayou_pond_d, hangedman_glass_teeth, minivault_11,
          chequers_jeans
D:2:      layout_rooms, minmay_pentomino_x4
D:3:      gammafunk_steamed_eel, layout_loops_ring, old_standard_altar,
          dk_yredelemnul_ordeal, uniq_crazy_yiuf_cottage
D:4:      layout_cave_pools, minmay_temple_entry_nine_rooms,
          cheibrodos_sewer_entry_sluice, kennysheep_generic_room_16
D:5:      lemuel_castle_with_subvaults [lemuel_castle_interior_carwin_3],
          layout_basic, minmay_hedge_maze
D:6:      layout_cave_pods, overflow_temple_1_default,
          mainiacjoe_overflow_concentric_impassable, kennysheep_little_box,
          st_stairs_1, minmay_misc_feat_ornament, serial_park_tiny_pond,
          uniq_sigmund
D:7:      layout_rooms, kennysheep_cross_room, uniq_maggie
D:8:      layout_basic, gammafunk_temple_overflow_elements, lair_entry_dummy,
          amcnicky_mini_pool_small, uniq_prince_ribbit1
D:9:      layout_long_grid, old_standard_altar, mainiacjoe_overflow_alcove_1,
          mainiacjoe_overflow_two_lobes, ebering_ghost_xom
D:10:     layout_basic, nemelex_altar_shiori, orc_david_3, uniq_urug
D:11:     layout_loops_corners
D:12:     minmay_general_purpose_star, layout_loops_cross,
          gauntlet_entry_generic, nicolae_looking_at_the_future
D:13:     gammafunk_boulding_lane, layout_grid_maze
D:14:     layout_layer_cave, ximxim_vaults_locker_room,
          nicolae_ru_sacrificial_ziggurat, serial_glass, glass_columns_a,
          glass_columns_c, st_stairs_2, uniq_frances
D:15:     grunt_enter_depths_hoard, layout_loops_cross, nicolae_eternal_life,
          serial_bayou_pond_e, laboratory, uniq_jorgrun, uniq_louise
Temple:   hellmonk_temple_beads
Lair:1:   gammafunk_worm_tunnel, layout_layer_cave, serial_bayou_shore_b
Lair:2:   layout_concentric_octagons
Lair:3:   layout_regular_city, elwin_shoals_entry_rocks, spider_nest_entry_webs,
          nicolae_quartered_pool_impasse, guppyfry_lair_drakes,
          infiniplex_staircase_pool_2, lemuel_fruit_tree, serial_bayou_shore_a,
          lemuel_fruit_fields, uniq_kirke
Lair:4:   layout_gridlike, nzn_masters_of_martial_movement, uniq_josephine
Lair:5:   minmay_lair_end_enchanted_forest, layout_layer_cave,
          minmay_slime_entry_pillars, lightli_volcano_entry_magma_tube,
          pdpol_lair_neglected_garden, grunt_forest_small_clearing_treed,
          serial_bayou_shore_b
Shoals:1: layout_shoals, ebering_ghost_rock_garden, serial_shops,
          nicolae_shop_gaudy_bauble, nicolae_shoals_land_atoll, uniq_donald
Shoals:2: layout_shoals, uniq_mlioglotl, uniq_ilsuiw, uniq_polyphemus
Shoals:3: layout_shoals, nicolae_shoals_the_drawing_of_the_three
Shoals:4: shoals_end_simple, layout_shoals, shoals_ilsuiw_alternative,
          nicolae_shoals_bring_sunscreen, uniq_nikola
Spider:1: layout_spider_delve, ebering_ghost_disaster_area, drop_trap,
          uniq_azrael
Spider:2: layout_chambers, nicolae_spider_webbed_stairs, uniq_roxanne,
          uniq_arachne
Spider:3: layout_spider_delve
Spider:4: floodkiller_spider_rune_tomb, hangedman_spider_tarantella_strand,
          uniq_asterion
Orc:1:    minmay_goldmine, layout_diamond_mine, serial_shops, shop,
          uniq_gastronok
Orc:2:    st_orc_town, layout_caves, serial_shops, shop, rock_pile, uniq_rupert,
          uniq_erolcha
Elf:1:    minmay_elf_arrival_summoners, layout_geoelf_diagonals,
          serial_corexii_hall, corexii_hall_statues_l, corexii_hall_statues_l,
          corexii_hall_statues_u, chequers_hall_statues_y, minmay_elf_sorcery,
          kilobyte_rumbling_trees
Elf:2:    nicolae_elf_blades_crystal_corner, layout_loops_ring,
          nicolae_shop_firing_range, lemuel_upstairs_altar
Elf:3:    grunt_elf_hall_branching, layout_geoelf_castle,
          ebering_ghost_inner_flame
Vaults:1: nicolae_vaults_closet_pinwheel_5, nicolae_vaults_circle_grid_b,
          nicolae_vaults_mitosis, vaults_dpeg_spiral, v_misc_15,
          ontoclasm_vaults_eye, vaults_room_hallway, layout_vaults_omnigrid,
          uniq_aizul, uniq_saint_roka
Vaults:2: v_misc_5, ontoclasm_vaults_gateway, v_misc_22,
          nicolae_vaults_closet_pinwheel_4, v_misc_16,
          grunt_vaults_hallway_long, v_misc_22, v_misc_3, v_misc_1,
          nicolae_vaults_yaktaur_gun_rack, nicolae_vaults_trapezoid_lopsided_1,
          vaults_mumra_hex, layout_vaults_big_room
Vaults:3: nicolae_vaults_angled_halls, v_misc_31,
          nicolae_vaults_mini_display_case, vaults_mumra_minichess,
          ontoclasm_vaults_ring_large, grunt_vaults_swirl,
          minmay_crypt_entry_simple_walls, vaults_room_guarded_vault,
          v_pattern_5, nicolae_vaults_gold_heap, nicolae_vaults_two_Ls,
          nicolae_vaults_tetromino_Z_1, layout_vaults_omnicross, serial_shops,
          shop
Vaults:4: gammafunk_ghost_wrathful_warriors, nicolae_vaults_trapezoid_layered,
          hangedman_vaults_nodes, hangedman_vaults_maws,
          nicolae_vaults_surprise_closet_hard, nicolae_vaults_apartment_1,
          nicolae_vaults_trapezoid_1, v_misc_18, hangedman_vaults_trim,
          vaults_room_corners, layout_vaults_maze_snakey, serial_shops,
          nicolae_shop_competitors_out_of_business
Vaults:5
Crypt:1:  layout_gridlike
Crypt:2:  layout_catacombs, basic_altar
Crypt:3:  david_glass_crypt, layout_misc_corridors, tomb_entry_sphere_bobbens,
          mu_enter_wizlab_6, uniq_margery
Tomb:1:   uniq_boris
Depths:1: layout_small_grid, hellmouth_2, rand_demon_pan_entry_3, serial_shops,
          nicolae_shop_window_shopping, shop_fountains, special_room
          [special_room_jelly], enter_trove_2, minmay_misc_feat_chi,
          solitary_fountain, minmay_misc_feat_columns, st_stairs_5,
          corner_web_ring, nicolae_hepliaklqana_hazy_memory
Depths:2: minmay_the_grid_octo_tiled_octocenter_mashed
          [minmay_the_grid_octo_fan_narrow, minmay_the_grid_octo_empty,
          minmay_the_grid_octo_77, minmay_the_grid_octo_focus,
          minmay_the_grid_octo_prize_single_spiral,
          minmay_the_grid_square_5x5_tetrominoes,
          minmay_the_grid_square_5x5_two, minmay_the_grid_square_5x5_n,
          minmay_the_grid_square_5x5_six], layout_basic, rand_demon_pan_entry_5,
          hell_entry, serial_bayou_crossing, minmay_staircase_statues
Depths:3: grunt_twist_and_shout, layout_cave_shapes, enter_ziggurat_c,
          minmay_room_of_horrors, hell_entry, minmay_misc_feat_cross,
          yredelemnul_forgotten_temple_becter, uniq_norris
Depths:4: evilmike_zot_entry_castle, layout_gridlike, hell_entry,
          serial_bayou_ford_a, serial_bayou_shore_b
Zot:1:    layout_concentric_octagons
Zot:2:    kennysheep_blocky_hall, layout_concentric_octagons, uniq_parghit
Zot:3:    layout_basic
Zot:4:    cheibrodos_zot_enchanting_chambers, layout_basic, lemuel_lake_of_fire
Zot:5:    layout_gridlike, st_stairs_12

Skill      XL: |  1  2  3  4  5  6  7  8  9 10 11 12 13 14 15 16 17 18 19 20 21 22 23 24 25 26 27 |
---------------+----------------------------------------------------------------------------------+-----
Spellcasting   | 1 2 3 4 6 7 9 10 11 13 14 15 16 17 18 19 21 23 26 | 26.9
Conjurations   | 1 2 3 4 6 7 9 10 11 13 14 15 16 17 18 19 21 23 26 | 26.9
Hexes          | 1 2 3 4 6 7 9 10 11 13 14 15 16 17 18 19 21 23 26 | 26.9
Summonings     | 1 2 3 4 6 7 9 10 11 13 14 15 16 17 18 19 21 23 26 | 26.9
Necromancy     | 1 2 3 4 6 7 9 10 11 13 14 15 16 17 18 19 21 23 26 | 26.9
Translocations | 1 2 3 4 6 7 9 10 11 13 14 15 16 17 18 19 21 23 26 | 26.9
Transmutations | 1 2 3 4 6 7 9 10 11 13 14 15 16 17 18 19 21 23 26 | 26.9
Fire Magic     | 1 2 3 4 6 7 9 10 11 13 14 15 16 17 18 19 21 23 26 | 26.9
Ice Magic      | 1 2 3 4 6 7 9 10 11 13 14 15 16 17 18 19 21 23 26 | 26.9
Air Magic      | 1 2 3 4 6 7 9 10 11 13 14 15 16 17 18 19 21 23 26 | 26.9
Earth Magic    | 1 2 3 4 6 7 9 10 11 13 14 15 16 17 18 19 21 23 26 | 26.9
Poison Magic   | 1 2 3 4 6 7 9 10 11 13 14 15 16 17 18 19 21 23 26 | 26.9
Fighting       | 4 5 6 7 9 11 12 14 16 17 18 19 20 21 22 23 24 25 27 | 27.0
Shields        | 2 4 5 7 9 10 | 10.0
Dodging        | 5 8 11 13 14 16 17 19 20 24 | 24.7
Long Blades    | |  1.7
Stealth        | |  4.1

Action                     |  1- 3 |  4- 6 |  7- 9 | 10-12 | 13-15 | 16-18 | 19-21 | 22-24 | 25-27 || total
---------------------------+-------+-------+-------+-------+-------+-------+-------+-------+-------++-------
  Melee: Falchion          |    18 |   150 |    23 |       |       |       |       |     1 |       ||   192
         Punch             |       |     3 |       |       |       |       |       |       |       ||     3
         Spear             |       |       |   438 |   104 |    45 |     8 |       |       |       ||   595
         Staff             |       |       |       |       |       |     3 |    25 |    11 |    23 ||    62
   Cast: Sting             |     2 |     8 |       |       |       |       |       |       |       ||    10
         Stone Arrow       |       |       |       |   297 |   700 |   614 |   679 |  1015 |  1384 ||  4689
         Yara's Violent Un |       |       |       |     2 |     1 |    15 |     2 |     4 |     2 ||    26
         Leda's Liquefacti |       |       |       |     1 |     1 |     1 |     1 |     1 |     1 ||     6
         Summon Cactus Gia |       |       |       |       |     5 |   102 |   113 |    74 |    92 ||   386
         Silence           |       |       |       |       |     1 |     2 |       |       |     1 ||     4
         Monstrous Menager |       |       |       |       |       |    55 |    59 |    57 |    62 ||   233
         Spellforged Servi |       |       |       |       |       |       |       |    28 |    38 ||    66
         Chain Lightning   |       |       |       |       |       |       |       |       |   236 ||   236
         Fire Storm        |       |       |       |       |       |       |       |       |    75 ||    75
 Invoke: Ancestor Life: Kn |       |       |     1 |       |       |       |       |       |       ||     1
         Recall Ancestor   |       |       |     5 |     6 |     8 |     8 |     9 |     6 |    18 ||    60
  Evoke: Wand              |       |     6 |     5 |       |     1 |     3 |       |     2 |     2 ||    19
    Use: Scroll            |       |     2 |       |    16 |    11 |     4 |    16 |    12 |    28 ||    89
         Potion            |       |       |     1 |     4 |       |     6 |    12 |     2 |     9 ||    34
   Stab: Sleeping          |     1 |     4 |    20 |     1 |     1 |       |       |       |       ||    27
         Distracted        |       |       |     2 |       |       |       |       |     1 |       ||     3
 Armour: Leather armour    |    15 |   108 |   217 |   106 |   195 |   223 |   148 |       |       ||  1012
         Troll leather arm |       |       |       |       |       |       |    85 |   162 |   360 ||   607
         Scale mail        |       |       |       |       |       |       |       |   212 |   411 ||   623
  Dodge: Dodged            |     8 |   125 |   149 |    53 |    96 |   132 |   168 |   240 |   701 ||  1672
  Block: Buckler           |       |       |   234 |    96 |   167 |   183 |       |       |       ||   680
         Reflection        |       |       |     7 |     8 |    13 |    32 |    71 |    38 |    38 ||   207
         Kite shield       |       |       |       |       |       |     3 |   282 |   371 |   669 ||  1325

Table legend: (Time is in decaauts)
 A = Elapsed time spent in this place.
 B = Non-inter-level travel time spent in this place.
 C = Inter-level travel time spent in this place.
 D = Time resting spent in this place.
 E = Time spent auto-exploring this place.
 F = Levels seen in this place.
 G = Mean time per level.
                   A        B        C        D        E       F      G
               +--------+--------+--------+--------+--------+-----+--------+
         Total | 121388 | 115178 |   6210 |  41188 |  55183 |  57 | 2129.6 |
       Dungeon |  26651 |  24073 |   2578 |   5644 |  14609 |  15 | 1776.7 |
        Temple |     52 |      2 |     50 |      0 |      0 |   1 |   52.0 |
          Lair |  11922 |  11422 |    500 |   3444 |   6532 |   5 | 2384.4 |
        Shoals |  12405 |  12234 |    171 |   5784 |   5029 |   4 | 3101.2 |
   Spider Nest |   8878 |   8593 |    285 |   1956 |   5474 |   4 | 2219.5 |
  Orcish Mines |   3500 |   3380 |    120 |    967 |   1864 |   2 | 1750.0 |
   Elven Halls |   6509 |   6304 |    205 |   2406 |   2738 |   3 | 2169.7 |
        Vaults |  14342 |  13137 |   1205 |   5854 |   5062 |   5 | 2868.4 |
         Crypt |   6804 |   6444 |    360 |   2833 |   2422 |   3 | 2268.0 |
          Tomb |   1148 |   1148 |      0 |    399 |    166 |   1 | 1148.0 |
        Depths |  13050 |  12590 |    460 |   5537 |   4813 |   4 | 3262.5 |
           Zot |  12160 |  11888 |    272 |   4998 |   5054 |   5 | 2432.0 |
         Trove |     41 |     41 |      0 |      0 |      0 |   1 |   41.0 |
         Sewer |   1365 |   1365 |      0 |    471 |    534 |   1 | 1365.0 |
       Volcano |    424 |    424 |      0 |      0 |    254 |   1 |  424.0 |
        Wizlab |   1195 |   1195 |      0 |    417 |    426 |   1 | 1195.0 |
      Gauntlet |    934 |    934 |      0 |    477 |    204 |   1 |  934.0 |
               +--------+--------+--------+--------+--------+-----+--------+

Top non-repeatable levels by time:
Vaults:4: 4833 daAuts
Depths:4: 4581 daAuts
Shoals:4: 4518 daAuts
Depths:1: 4515 daAuts
   Zot:5: 4131 daAuts
Shoals:3: 3944 daAuts
Spider:4: 3803 daAuts
Vaults:3: 3637 daAuts
  Lair:3: 3014 daAuts
     D:5: 2926 daAuts
 Crypt:3: 2917 daAuts
Vaults:1: 2847 daAuts
     D:6: 2694 daAuts
    D:13: 2672 daAuts
    D:14: 2651 daAuts
